 Dungeon Crawl Stone Soup version 0.28.0-53-g5a82cb258f (webtiles) character file.

Game seed: 10708035872011745786

6140 mortz the Thaumaturge (level 11, -5/65 HPs)
             Began as a Djinni Conjurer on July 17, 2022.
             Was a Priest of Ashenzari.
             Slain by a slime creature (10 damage)
             ... on level 9 of the Dungeon.
             The game lasted 00:59:40 (11960 turns).

mortz the Thaumaturge (Djinni Conjurer)            Turns: 11960, Time: 00:59:40

Health: -5/65      AC:  8    Str: 12    XL:     11   Next: 13%
Gold:   347        EV: 13    Int: 25    God:    Ashenzari [***...] SH:  3 Dex: 11

rFire   + + .      SeeInvis +   s - +2 hand axe "Restrained Together" {flame, axe, Range, Evo} (curse)
rCold   . . .      Faith    .   K - +0 buckler
rNeg    . . .      Spirit   .   z - +2 leather armour of Supernal Wisdom {rF+, Melee, Range} (curse)
rPois   ∞          Reflect  .   (no helmet)
rElec   .          Harm     .   f - +1 cloak of Ashenzari's Inaction {Cun, Evo} (curse)
rCorr   .          Rampage  .   (no gloves)
Will    +....      Clarity  +   (boots unavailable)
Stlth   +++.......              (no amulet)
HPRegen 0.20/turn               n - ring "Clairvoyant Trepidation" {Ice, Melee, Fort} (curse)
MPRegen 0.00/turn               E - ring "Seeker of the Sky" {Str+6, Evo, Self} (curse)

@: flying
A: sickness immunity, fire resistance 2, cold vulnerability 1, float, innate
caster, HP casting, extra vitality 1
a: Renounce Religion, Shatter the Chains


You were on level 9 of the Dungeon.
You worshipped Ashenzari.
Ashenzari was most pleased with you.
You visited 1 branch of the dungeon, and saw 9 of its levels.
You also visited: Sewer.

You collected 405 gold pieces.
You spent 58 gold pieces at shops.


Innate Abilities, Weirdness & Mutations

You are immune to sickness and miasma.
You are immune to poison.
Your flesh is very heat resistant. (rF++)
You are vulnerable to cold. (rC-)
You float through the air rather than walking.
You learn spells naturally, not from books.
Your magical power is your life essence.
You have superior vitality. (+4 MHP)


   Skills:
 + Level 4.5(6.1) Armour
 + Level 4.5(6.1) Dodging
 + Level 5.3(6.9) Stealth
 + Level 11.2(12.7) Spellcasting


You had 9 spell levels left.
You knew the following spells:

 Your Spells              Type           Power      Damage    Failure   Level
a - Magic Dart            Conj           100%       1d8       1%          1
b - Searing Ray           Conj           100%       2d8       1%          2
c - Iskenderun's Mystic   Conj/Tloc      68%        2d14      1%          4
d - Stone Arrow           Conj/Erth      100%       3d13      1%          3
e - Dazzling Flash        Conj/Hex       100%       N/A       1%          3
f - Beastly Appendage     Tmut           100%       N/A       1%          1
g - Blink                 Tloc           100%       N/A       1%          2
h - Wereblood             Tmut           68%        N/A       1%          2
i - Fulminant Prism       Conj/Hex       34%        3d16      1%          4
j - Hailstorm             Conj/Ice       88%        3d18      1%          4
Your spell library was empty.

Inventory:

Hand Weapons
 b - a +0 long sword {long}
   (You found it on level 1 of the Dungeon)
 h - a +1 vorpal spear {polearm}
   (You took it off a gnoll on level 2 of the Dungeon)
 l - a +0 mace {mace}
   (You found it on level 2 of the Dungeon)
 s - the cursed +2 hand axe "Restrained Together" (weapon) {flame, axe, Range, Evo}
   (You took it off an orc on level 4 of the Dungeon)

   It burns those it strikes, dealing additional fire damage.
   Big, fiery blades are also staple armaments of hydra-hunters.
   It has a curse which improves the following skills: Ranged Combat: Slings,
   Bows, Crossbows and Throwing.
   Evocations: Evocations.
 G - a +2 dagger of venom {short}
   (You took it off a kobold brigand on level 6 of the Dungeon)
Armour
 a - a +0 robe
 f - the cursed +1 cloak of Ashenzari's Inaction (worn) {Cun, Evo}
   (You found it on level 1 of the Dungeon)

   It has a curse which improves the following skills: Cunning: Dodging and
   Stealth.
   Evocations: Evocations.
 t - a +1 ring mail of fire resistance
   (You took it off an orc on level 4 of the Dungeon)
 z - the cursed +2 leather armour of Supernal Wisdom (worn) {rF+, Melee, Range}
   (You took it off Ijyb on level 5 of the Dungeon)

   It has a curse which improves the following skills: Melee Combat: Short
   Blades, Long Blades, Axes, Maces & Flails, Polearms, Staves and Unarmed
   Combat.
   Ranged Combat: Slings, Bows, Crossbows and Throwing.
 K - a +0 buckler (worn)
   (You bought it in a shop on level 8 of the Dungeon)
Jewellery
 g - a ring of poison resistance
   (You took it off an orc on level 7 of the Dungeon)
 n - the cursed ring "Clairvoyant Trepidation" (left hand) {Ice, Melee, Fort}
   (You found it on level 3 of the Dungeon)

   [ring of ice]

   It enhances your ice magic.
   rF:        It makes you vulnerable to fire.
   rC:        It protects you from cold.
   It has a curse which improves the following skills: Melee Combat: Short
   Blades, Long Blades, Axes, Maces & Flails, Polearms, Staves and Unarmed
   Combat.
   Fortitude: Armour and Shields.
 E - the cursed ring "Seeker of the Sky" (right hand) {Str+6, Evo, Self}
   (You found it on level 6 of the Dungeon)

   [ring of strength]

   Str:       It affects your strength (+6).
   It has a curse which improves the following skills: Evocations: Evocations.
   Introspection: Fighting and Spellcasting.
Wands
 y - a wand of polymorph (18)
   (You found it on level 5 of the Dungeon)
 B - a wand of flame (23)
   (You found it on level 5 of the Dungeon)
Scrolls
 d - 5 scrolls of summoning
 m - a scroll of fog
 o - 2 scrolls of blinking {!r}
 r - a scroll of teleportation {@r4}
 u - 3 scrolls of brand weapon
 x - 4 scrolls of identify {@r1}
 A - 2 scrolls of immolation {!r!r}
 I - a scroll of enchant weapon
Potions
 c - 6 potions of brilliance
 e - 8 potions of curing {@q1}
 i - a potion of experience
 j - a potion of resistance
 k - a potion of invisibility
 p - 2 potions of heal wounds {@q2}
 q - 2 potions of mutation {!q}
 v - 3 potions of haste {@q3}
 w - 2 potions of lignification {!q}
 C - 2 potions of might
 D - 2 potions of ambrosia
 F - 3 potions of attraction {!q}
 H - a potion of magic
 J - a potion of cancellation

Dungeon Overview and Level Annotations

Branches:
Dungeon (9/15)             Temple (0/1) D:7            Lair (0/6) D:8
  Sewer (visited)
    Orc: D:9-12

Altars:
Ashenzari
Dithmenos
Fedhas
Ru
Wu Jian
The Shining One

Shops:
D:8 [

Annotations:
D:4 Edmund, Sigmund

#....:.....#
#######..........#
#####...).)..........#
......#####...)......#
.###### #..........#
.# #..........# .#
###'######## .# #....#
.# ***####@# +#
*.......JJ.#
..........# *
..........# *,
..........# ,,
..........# ,
..........#
*..........# , ,,


You could see a very large slime creature and a slime creature.


Message History

😨 HP[-29]
You take 29 damage, and now have 28/65 hp.
MASSIVE DAMAGE!! (PAUSE)
You are too injured to fight recklessly!
Aiming: Stone Arrow (safe; 1% risk of failure)
Press: ? - help, Q - select action, (/) - cycle Shift-Dir - straight line, f/p - very large slime creature
Aim: a very large slime creature (moderately wounded, 95% to hit)
Okay, then.
Casting: Stone Arrow (safe; 1% risk of failure)
Confirm with . or Enter, or press ? or * to list all spells.
You erupt in a blast of force!
The mystic blast hits the slime creature!
The slime creature is knocked back by the mystic blast.
The mystic blast hits the very large slime creature!!
The very large slime creature is knocked back by the mystic blast.
* * * LOW HITPOINT WARNING * * *
You hear an angry buzzing noise. x2 😨 HP[-4]
You take 4 damage, and now have 24/65 hp.
You are too injured to fight recklessly!
Aiming: Stone Arrow (safe; 1% risk of failure)
Press: ? - help, Q - select action, (/) - cycle Shift-Dir - straight line, f - slime creature, p - very large slime creature
Aim: a slime creature (95% to hit)
The stone arrow hits the slime creature!!
* * * LOW HITPOINT WARNING * * *
A killer bee comes into view. 😨 HP[-3]
You take 3 damage, and now have 21/65 hp.
Casting: Stone Arrow (safe; 1% risk of failure)
Confirm with . or Enter, or press ? or * to list all spells.
You erupt in a blast of force!
The mystic blast hits the killer bee.
The killer bee is knocked back by the mystic blast.
The killer bee collides with the killer bee!
The mystic blast hits the slime creature!
The slime creature is knocked back by the mystic blast.
The slime creature collides with the slime creature!
* * * LOW HITPOINT WARNING * * *
😨 HP[-4]
You take 4 damage, and now have 17/65 hp.
Casting: Iskenderun's Mystic Blast (safe; 1% risk of failure)
Confirm with . or Enter, or press ? or * to list all spells.
You erupt in a blast of force!
The mystic blast hits the slime creature!
The slime creature is knocked back by the mystic blast.
The slime creature collides with the killer bee!
The mystic blast hits the slime creature!!
You kill the slime creature!
The mystic blast hits the killer bee!
You kill the killer bee!
* * * LOW HITPOINT WARNING * * *
A killer bee comes into view. x2 😱 HP[-3]
You take 3 damage, and now have 14/65 hp.
Casting: Iskenderun's Mystic Blast (safe; 1% risk of failure)
Confirm with . or Enter, or press ? or * to list all spells.
You erupt in a blast of force!
The mystic blast hits the killer bee!
The killer bee is knocked back by the mystic blast.
The killer bee collides with the very large slime creature!
You kill the killer bee!
The mystic blast hits the slime creature!
The slime creature is knocked back by the mystic blast.
The slime creature collides with the killer bee!
The mystic blast hits the killer bee!
You kill the killer bee!
* * * LOW HITPOINT WARNING * * *
You hear an angry buzzing noise.
A killer bee comes into view. 😱 HP[-4]
You take 4 damage, and now have 10/65 hp.
Casting: Iskenderun's Mystic Blast (safe; 1% risk of failure)
Confirm with . or Enter, or press ? or * to list all spells.
You erupt in a blast of force!
The mystic blast hits the killer bee!!
You kill the killer bee!
The mystic blast hits the very large slime creature!
The very large slime creature is knocked back by the mystic blast.
The mystic blast hits the killer bee!!
You kill the killer bee!
* * * LOW HITPOINT WARNING * * *
😱 HP[-4]
You take 4 damage, and now have 6/65 hp.
The slime creature barely misses you.
There is an open door here.
Things that are here:
a killer bee corpse; a killer bee corpse You slash the slime creature!
You burn the slime creature. The slime creature hits you.
* * * LOW HITPOINT WARNING * * *
The slime creature hits you but does no damage. 😱 HP[-2]
You take 2 damage, and now have 4/65 hp.
You hit the slime creature. You burn the slime creature.
You hit the very large slime creature. You burn the very large slime creature.
The very large slime creature closely misses you.
The slime creature hits you but does no damage. 😱 HP[+1]
You hit the slime creature. You burn the slime creature.
You barely miss the very large slime creature.
The very large slime creature completely misses you.
The slime creature hits you!
You die...

Skill      XL: |  1  2  3  4  5  6  7  8  9 10 11 |
---------------+----------------------------------+-----
Spellcasting   | 4 5 6 8 9 10 11 | 11.2
Stealth        | 2 3 4 5 |  5.3
Armour         | 1 2 4 |  4.5
Dodging        | 3 4 |  4.5

Action                   |  1- 3 |  4- 6 |  7- 9 | 10-12 || total
-------------------------+-------+-------+-------+-------++-------
Melee: Long sword        |     3 |       |       |       ||     3
       Quarterstaff      |       |     1 |       |       ||     1
       Hand axe          |       |       |       |     3 ||     3
 Cast: Magic Dart        |    49 |    68 |    54 |     2 ||   173
       Searing Ray       |     4 |    26 |    27 |       ||    57
       Iskenderun's Myst |       |       |     2 |     5 ||     7
       Stone Arrow       |       |       |    35 |    93 ||   128
Invok: Curse Item        |       |     1 |     3 |     2 ||     6
       Shatter the Chain |       |       |       |     1 ||     1
  Use: Scroll            |     2 |       |       |       ||     2
Armor: Robe              |     3 |     6 |     2 |       ||    11
       Leather armour    |       |       |     7 |    10 ||    17
Dodge: Dodged            |    15 |     7 |    27 |    20 ||    69

Levels and vault maps discovered:
D:1:      erik_arrival_cave_to_civilisation [erik_arrival_cave_to_hall],
          layout_basic, hellmonk_ecumenical_altar_arch_garden
D:2:      layout_rooms, minmay_pentomino_z2, uniq_crazy_yiuf_cottage
D:3:      layout_basic, ashenzari_altar_1, minmay_quadrilaterals
D:4:      layout_rooms, portal_sewer_entry_a, sigmund_edmund_badplayer
D:5:      layout_basic, fedhas_altar_3, kennysheep_small_spiral, uniq_pikel,
          uniq_blork_the_orc, uniq_ijyb
D:6:      nicolae_whirlpool, layout_cave_pools, dk_noncrumbling_3
D:7:      layout_gridville, nicolae_ru_path_of_blood, minmay_temple_entry_tees
D:8:      layout_rooms, mainiacjoe_overflow_surrounded_room,
          nicolae_wu_jian_wuxing_cycle, mainiacjoe_overflow_alcove_1,
          lair_entry_dummy, serial_shops, nicolae_shop_crystal
D:9:      layout_roguey, lemuel_another_geyser, uniq_erica

Notes
Turn   | Place    | Note
-------+----------+-------------------------------------------
     0 | D:1      | mortz the Djinni Conjurer began the quest for the Orb.
     0 | D:1      | Reached XP level 1. HP: 15/15 MP: 0/0
     0 | D:1      | magus.rc [v1.9.6]
   375 | D:1      | Reached XP level 2. HP: 17/21 MP: 0/0
   687 | D:1      | Reached XP level 3. HP: 18/25 MP: 0/0
   687 | D:1      | Learned a level 1 spell: Beastly Appendage
   971 | D:1      | Found a faded altar of an unknown god.
  1619 | D:2      | Reached skill level 4 in Spellcasting
  1638 | D:2      | Reached XP level 4. HP: 18/31 MP: 0/0
  2094 | D:2      | Found a runed translucent door.
  2095 | D:2      | Noticed Crazy Yiuf
  2149 | D:2      | HP: 1/31 [Crazy Yiuf/+4 quarterstaff of chaos (13)]
  2526 | D:2      | Killed Crazy Yiuf
  2527 | D:2      | Reached XP level 5. HP: 27/35 MP: 0/0
  2527 | D:2      | Learned a level 2 spell: Blink
  2870 | D:3      | Reached skill level 2 in Stealth
  2921 | D:3      | Found a broken altar of Ashenzari.
  2926 | D:3      | Became a worshipper of Ashenzari the Shackled
  3855 | D:4      | Found a glowing drain.
  3861 | D:4      | Reached skill level 5 in Spellcasting
  3861 | D:4      | Reached XP level 6. HP: 18/40 MP: 0/0
  3878 | Sewer    | Entered a sewer
  3891 | Sewer    | HP: 8/40 [adder (4)]
  4310 | Sewer    | Reached * piety under Ashenzari
  4310 | Sewer    | Identified a potion of experience
  4733 | Sewer    | Reached XP level 7. HP: 41/45 MP: 0/0
  4733 | Sewer    | Learned a level 2 spell: Wereblood
  4740 | Sewer    | Reached skill level 6 in Spellcasting
  5124 | D:4      | Reached skill level 3 in Stealth
  5405 | D:4      | Reached XP level 8. HP: 31/50 MP: 0/0
  5793 | D:4      | Reached ** piety under Ashenzari
  5908 | D:4      | Noticed Sigmund
  5913 | D:4      | Noticed Edmund
  5984 | D:5      | Entered Level 5 of the Dungeon
  6120 | D:5      | Noticed Ijyb
  6125 | D:5      | Killed Ijyb
  6216 | D:5      | Reached skill level 7 in Spellcasting
  6364 | D:5      | Noticed Pikel
  6449 | D:5      | Reached *** piety under Ashenzari
  6505 | D:5      | Reached skill level 1 in Armour
  6611 | D:5      | Found a blossoming altar of Fedhas.
  6967 | D:5      | Noticed Blork the orc
  6974 | D:5      | Killed Blork the orc
  7201 | D:5      | Killed Pikel
  7202 | D:5      | Reached skill level 3 in Dodging
  7202 | D:5      | Reached skill level 4 in Stealth
  7202 | D:5      | Reached skill level 8 in Spellcasting
  7202 | D:5      | Reached XP level 9. HP: 32/55 MP: 0/0
  7202 | D:5      | Learned a level 3 spell: Stone Arrow
  7712 | D:6      | Reached skill level 2 in Armour
  8062 | D:6      | Reached skill level 9 in Spellcasting
  8399 | D:6      | Reached XP level 10. HP: 27/60 MP: 0/0
  8682 | D:6      | Reached skill level 3 in Armour
  8876 | D:6      | Reached **** piety under Ashenzari
  9302 | D:7      | Found a staircase to the Ecumenical Temple.
  9426 | D:7      | Reached skill level 5 in Stealth
  9886 | D:7      | Reached skill level 4 in Dodging
 10033 | D:7      | Found a sacrificial altar of Ru.
 10452 | D:8      | Found a shadowy altar of Dithmenos.
 10455 | D:8      | Found an ornate altar of the Wu Jian Council.
 10480 | D:8      | Found Xacieva's Armour Emporium.
 10487 | D:8      | Bought a +0 buckler for 58 gold pieces
 10680 | D:8      | Reached skill level 10 in Spellcasting
 10792 | D:8      | Found a glowing golden altar of the Shining One.
 10799 | D:8      | Reached skill level 4 in Armour
 11061 | D:8      | Found a staircase to the Lair.
 11511 | D:9      | Noticed Erica
 11515 | D:9      | Killed Erica
 11579 | D:9      | Noticed a red ugly thing
 11583 | D:9      | Noticed a two-headed ogre
 11586 | D:9      | Killed a red ugly thing
 11589 | D:9      | Killed a two-headed ogre
 11590 | D:9      | Reached XP level 11. HP: 18/65 MP: 0/0
 11590 | D:9      | Learned a level 4 spell: Hailstorm
 11855 | D:9      | Reached skill level 11 in Spellcasting
 11958 | D:9      | HP: 4/65 [slime creature (2)]
 11960 | D:9      | Slain by a slime creature

Vanquished Creatures
  Erica (D:9)
  A two-headed ogre (D:9)
  Pikel (D:5)
  An ugly thing (D:9)
  4 centaur zombies
  A slime creature (D:9)
  A wraith (D:7)
  A steam dragon (D:8)
  An orc warrior (D:7)
  2 sky beasts (D:6)
  An ice beast (D:6)
  A black bear (D:4)
  3 necrophages
  4 centaurs
  An ogre (D:7)
  A lemure (D:5)
  5 kobold brigands
  Blork the orc (D:5)
  A bullfrog (D:7)
  3 scorpions
  3 water moccasin skeletons
  9 killer bees
  4 jellies
  A bullfrog zombie (D:4)
  3 hounds
  Crazy Yiuf (D:2)
  2 gnoll shamans
  An orc priest (D:8)
  A bullfrog skeleton (D:4)
  2 iguanas
  Ijyb (D:5)
  3 orc wizards
  A killer bee zombie (D:8)
  2 hound skeletons (D:5)
  2 howler monkey zombies (D:8)
  16 gnolls
  A howler monkey skeleton (D:7)
  A river rat (Sewer)
  5 adders
  5 worms
  18 orcs
  13 ball pythons
  10 endoplasms
  3 giant cockroaches
  7 goblins
  7 hobgoblins
  27 kobolds
  3 quokkas
  4 bats
  4 frilled lizards
  8 rats
203 creatures vanquished.

Table legend:
 A = Non-vault XP
 B = Vault XP
 C = Vault XP percentage of total XP
 D = Non-vault monster count
 E = Vault monster count
 F = Vault count percentage of total count
                 A         B        C        D         E       F
            +---------+---------+-------+---------+---------+-------
      Total |    6544 |    2228 |  25.4 |     161 |      41 |  20.3
            +---------+---------+-------+---------+---------+-------
        D:1 |      36 |       5 |  12.2 |      21 |       3 |  12.5
        D:2 |      68 |      42 |  38.2 |      11 |       1 |   8.3
        D:3 |      58 |       4 |   6.5 |      19 |       3 |  13.6
        D:4 |     537 |       7 |   1.3 |      30 |       4 |  11.8
        D:5 |     593 |     720 |  54.8 |      10 |       3 |  23.1
        D:6 |    1287 |     233 |  15.3 |      21 |       2 |   8.7
        D:7 |     881 |       0 |   0.0 |      12 |       0 |   0.0
        D:8 |     946 |       0 |   0.0 |      23 |       0 |   0.0
        D:9 |    2138 |     850 |  28.4 |      14 |       1 |   6.7
      Sewer |       0 |     367 | 100.0 |       0 |      24 | 100.0
            +---------+---------+-------+---------+---------+-------

Illustrated notes

Table legend:
 A = Kills in this place as a percentage of kills in entire the game.
 B = Kills by you in this place as a percentage of kills by you in the entire game.
 C = Kills by friends in this place as a percentage of kills by friends in the entire game.
 D = Other kills in this place as a percentage of other kills in the entire game.
 E = Experience gained in this place as a percentage of experience gained in the entire game.
 F = Experience gained in this place divided by the number of levels of this place that you have seen.
                   A       B       C       D       E      F
               +-------+-------+-------+-------+-------+----------------------
         Total | 100.0 | 100.0 |   N/A |   N/A | 100.0 | 877.2
       Dungeon |  88.1 |  88.1 |   N/A |   N/A |  95.8 | 933.9
         Sewer |  11.9 |  11.9 |   N/A |   N/A |   4.2 | 367.0
               +-------+-------+-------+-------+-------+----------------------

Table legend: (Time is in decaauts)
 A = Elapsed time spent in this place.
 B = Non-inter-level travel time spent in this place.
 C = Inter-level travel time spent in this place.
 D = Time resting spent in this place.
 E = Time spent auto-exploring this place.
 F = Levels seen in this place.
 G = Mean time per level.
                   A        B        C        D        E       F      G
               +--------+--------+--------+--------+--------+-----+--------+
         Total |  11986 |  11108 |    878 |   1407 |   8039 |  10 | 1198.6 |
       Dungeon |  10989 |  10111 |    878 |   1022 |   7613 |   9 | 1221.0 |
         Sewer |    997 |    997 |      0 |    385 |    426 |   1 |  997.0 |
               +--------+--------+--------+--------+--------+-----+--------+

Top non-repeatable levels by time:
     D:5: 1898 daAuts
     D:1: 1587 daAuts
     D:3: 1345 daAuts
     D:6: 1282 daAuts
     D:7: 1150 daAuts
     D:2: 1146 daAuts
     D:8: 1040 daAuts
   Sewer: 997 daAuts
     D:4: 966 daAuts
     D:9: 571 daAuts
